 Dungeon Crawl Stone Soup version 0.31-a0-705-ga145531891 (webtiles) character file.

Game seed: 11649209278995079522

337 qw the Shooter (level 6, 0/38 HPs)
             Began as a Gargoyle Hunter on Sept 9, 2023.
             Slain by a kobold brigand
             ... wielding a +2 dagger of venom
              (3 damage)
             ... on level 3 of the Dungeon.
             The game lasted 00:01:02 (1729 turns).

qw the Shooter (Gargoyle Hunter)                    Turns: 1729, Time: 00:01:02

Health: 0/38       AC:  8    Str: 21    XL:     6   Next: 54%
Magic:  6/6        EV: 12    Int:  9    God:
Gold:   148        SH:  0    Dex: 15    Spells: 5/5 levels left

rFire   . . .        Y - +1 shortbow
rCold   . . .        (shield currently unavailable)
rNeg    + . .        a - +1 leather armour {rPois}
rPois   inf          (no helmet)
rElec   +            (no cloak)
rCorr   .            (no gloves)
SInv    +            (no boots)
Will    .....        (no amulet)
Stlth   ++           h - +6 ring of strength
HPRegen 0.26/turn    g - ring of see invisible
MPRegen 0.10/turn

%: no passive effects
@: no status effects
A: sickness immunity, AC +4, negative energy resistance 1, electricity
resistance, torment resistance 1, petrification resistance
a: no special abilities


You were on level 3 of the Dungeon.
You visited 1 branch of the dungeon, and saw 5 of its levels.

You collected 148 gold pieces.


Innate Abilities, Weirdness & Mutations

You are immune to sickness and miasma.
Your stone body is resilient. (AC +4)
You are immune to poison.
You resist negative energy. (rN+)
You are resistant to electric shocks. (rElec)
You are resistant to unholy torment.
You are immune to petrification.


   Skills:
 - Level 4.0 Fighting
 + Level 6.9 Ranged Weapons
 - Level 0.5 Armour
 - Level 1.5 Dodging
 - Level 1.1 Stealth


You had 5 spell levels left.
You didn't know any spells.
Your spell library was empty.

Inventory:

Hand Weapons
 Y - a +1 shortbow (weapon)
Armour
 a - a +1 leather armour of poison resistance (worn)
Jewellery
 g - a ring of see invisible (right hand)
 h - a +6 ring of strength (left hand)
Scrolls
 b - a scroll of identify
Potions
 d - a potion of berserk rage {unknown}
 e - a potion of ambrosia {unknown}
 f - a potion of mutation {unknown}
 i - a potion of invisibility {unknown}
 j - a potion of haste {unknown}

Dungeon Overview and Level Annotations

Branches:
Dungeon (5/15)
 Temple: D:4-7

Altars:
Yredelemnul


Message History

You shoot an arrow.
The arrow closely misses the kobold brigand.
The kobold brigand hits you with a +2 dagger of venom.
The kobold brigand barely misses you.
You shoot an arrow.
The arrow barely misses the kobold brigand.
The kobold brigand closely misses you.
The kobold brigand hits you with a +0 club.
The kobold brigand hits you with a +2 dagger of venom.
The kobold brigand hits you with a +0 club.
You shoot an arrow.
The arrow closely misses the kobold brigand.
The kobold brigand misses you.
The kobold brigand hits you but does no damage.
You shoot an arrow. The arrow hits the kobold brigand.
The kobold brigand is severely wounded.
The kobold brigand hits you with a +2 dagger of venom.
The kobold brigand barely misses you.
You shoot an arrow.
The arrow closely misses the kobold brigand.
The kobold brigand hits you with a +2 dagger of venom.
The kobold brigand hits you with a +0 club.
You shoot an arrow.
The arrow barely misses the kobold brigand.
The kobold brigand hits you with a +2 dagger of venom.
The kobold brigand hits you with a +0 club.
You shoot an arrow. The arrow hits the kobold brigand.
The kobold brigand is almost dead.
The kobold brigand barely misses you. The kobold brigand closely misses you.
You shoot an arrow.
The arrow barely misses the kobold brigand.
The kobold brigand barely misses you.
The kobold brigand hits you with a +0 club.
You shoot an arrow. The arrow hits the kobold brigand.
You kill the kobold brigand!
The kobold brigand hits you with a +2 dagger of venom.
You shoot an arrow.
The arrow barely misses the kobold brigand.
The kobold brigand hits you with a +2 dagger of venom.
You die...

##.#.#
#.##..##.#..............
#.#.#
##..##..........#.#.##
#....
...............%.#.#...
#....
.~~~~~#.....:.........#
#.....
~~~~~~~....#########..#
.....##
#~~~~~~~~###.....###..#
##...#
###~######.....)))....#
#...#
...###.K.....#####.))...
#....))@...###~~~####...
###...######~~~~~~~~..##
### ~~~~~~~~#..#
[....~~~###.##
####.#########.#
......#...##....###
......#...#........
......#...#........
....#.#...#........


You could see a kobold brigand.

Vanquished Creatures
  An ice beast (D:4)
  A kobold brigand (D:3)
  A hound (D:3)
  An orc wizard (D:4)
  4 adders
  A worm (D:3)
  3 dart slugs
  7 orcs
  6 endoplasms
  4 giant cockroaches
  9 goblins
  2 hobgoblins
  6 jackals
  3 quokkas
  3 ball pythons
  3 bats
  2 frilled lizards
  10 kobolds (D:3)
  9 rats
76 creatures vanquished.

Notes
Turn   | Place    | Note
-------+----------+-------------------------------------------
     0 | D:1      | qw the Gargoyle Hunter began the quest for the Orb.
     0 | D:1      | Reached XP level 1. HP: 12/12 MP: 1/1
     0 | D:1      | 0 ||| qw: Version: 0.3-a-80-g6052c40
     0 | D:1      | 0 ||| qw: Game counter: 1316
     0 | D:1      | 0 ||| qw: Melee chars always use a shield: true
     0 | D:1      | 0 ||| qw: God list: Okawaru
     0 | D:1      | 0 ||| qw: Allow faded altars: false
     0 | D:1      | 0 ||| qw: Do Orc after clearing Dungeon:15 true
     0 | D:1      | 0 ||| qw: Do second Lair branch before Depths: true
     0 | D:1      | 0 ||| qw: Lair rune preference: random
     0 | D:1      | 0 ||| qw: Goals: Normal
     0 | D:1      | 0 ||| PLANNING D:1-11
    55 | D:1      | Reached XP level 2. HP: 17/17 MP: 2/2
   282 | D:1      | Reached XP level 3. HP: 21/21 MP: 3/3
   503 | D:1      | 503 ||| UPGRADING to +6 ring of strength.
   504 | D:1      | 504 ||| DROPPING ring of flight.
   505 | D:1      | 505 ||| READING scroll labelled HOMEEV VOGAYMM.
   506 | D:1      | 506 ||| READING 2 scrolls labelled FISTRU LASILEO.
   521 | D:1      | 521 ||| READING scroll labelled BOLICHE EXZOGOK.
   522 | D:1      | 522 ||| READING scroll labelled GOTZAE XIUTT.
   523 | D:1      | 523 ||| DROPPING scroll of butterflies.
   524 | D:1      | 524 ||| DROPPING scroll of torment.
   581 | D:2      | Reached skill level 5 in Ranged Weapons
   693 | D:2      | Reached skill level 3 in Fighting
   720 | D:2      | Reached XP level 4. HP: 28/28 MP: 4/4
   862 | D:2      | 862 ||| UPGRADING to +0 ring mail.
   872 | D:2      | 872 ||| DROPPING +0 leather armour.
   873 | D:2      | 873 ||| UPGRADING to ring of see invisible.
   874 | D:2      | 874 ||| READING scroll labelled YLAOWKORCHA.
   875 | D:2      | 875 ||| READING 2 scrolls labelled FUCAGH ITENNIU.
   876 | D:2      | 876 ||| READING scroll labelled SEURIE DESAIRETUG.
   898 | D:3      | 898 ||| STAIRDANCE
   919 | D:3      | 919 ||| STAIRDANCE
   928 | D:3      | 928 ||| STAIRDANCE
   937 | D:2      | 937 ||| UPGRADING to +1 leather armour of poison
                  | resistance.
   947 | D:2      | 947 ||| DROPPING +0 ring mail.
   964 | D:3      | Found a basalt altar of Yredelemnul.
  1025 | D:3      | Found a faded altar of an unknown god.
  1376 | D:3      | You fall into a shaft and drop 2 floors!
  1376 | D:5      | Entered Level 5 of the Dungeon
  1386 | D:5      | 1386 ||| FLEEEEING.
  1387 | D:5      | 1387 ||| FLEEEEING.
  1389 | D:5      | 1389 ||| STAIRDANCE
  1394 | D:4      | Noticed an ice beast
  1405 | D:4      | HP: 7/28 [ice beast (9)]
  1407 | D:4      | Killed an ice beast
  1408 | D:4      | Reached skill level 6 in Ranged Weapons
  1408 | D:4      | Reached XP level 5. HP: 9/32 MP: 5/5
  1591 | D:4      | Reached XP level 6. HP: 37/37 MP: 6/6
  1622 | D:4      | 1622 ||| READING scroll labelled EMAMMU PYP CEO.
  1623 | D:4      | 1623 ||| READING 2 scrolls of identify.
  1623 | D:4      | 1623 ||| IDENTIFYING smoky red potion
  1624 | D:4      | 1624 ||| DROPPING potion of magic.
  1627 | D:4      | 1627 ||| FLEEEEING.
  1629 | D:4      | 1629 ||| STAIRDANCE
  1727 | D:3      | HP: 6/38 [kobold brigand/+0 club (5)]
  1729 | D:3      | Slain by a kobold brigand

Levels and vault maps discovered:
D:1:      lemuel_arrival_cross, layout_basic
D:2:      layout_rooms, corexii_shack
D:3:      cheibrodos_thug_alley, layout_basic,
          mainiacjoe_overflow_six_doors_small, basic_ecumenical_altar,
          kennysheep_generic_room_7
D:4:      layout_loops_ring, nzn_overflow_gifts_of_might_and_magic,
          serial_shops, shop, gammafunk_ghost_icy
D:5:      lemuel_ice_spiral_2, layout_basic, nicolae_ru_the_path_less_chosen,
          chequers_serial_rivers_micro_c

Skill      XL: |  1  2  3  4  5  6 |
---------------+-------------------+-----
Ranged Weapons | 5 6 |  6.9
Fighting       | 3 4 |  4.0
Armour         | |  0.5
Dodging        | |  1.5
Stealth        | |  1.1

Action                     |  1- 3 |  4- 6 || total
---------------------------+-------+-------++-------
   Fire: Shortbow          |    94 |   139 ||   233
    Use: Scroll            |     4 |     5 ||     9
 Armour: Leather armour    |    18 |    38 ||    56
         Ring mail         |       |    11 ||    11
  Dodge: Dodged            |    17 |    46 ||    63

Table legend:
 A = Non-vault XP
 B = Vault XP
 C = Vault XP percentage of total XP
 D = Non-vault monster count
 E = Vault monster count
 F = Vault count percentage of total count
                 A         B        C        D         E       F
            +---------+---------+-------+---------+---------+-------
      Total |     365 |     117 |  24.3 |      63 |      13 |  17.1
            +---------+---------+-------+---------+---------+-------
        D:1 |      37 |       0 |   0.0 |      23 |       0 |   0.0
        D:2 |      62 |       3 |   4.6 |      19 |       1 |   5.0
        D:3 |      81 |     114 |  58.5 |      11 |      12 |  52.2
        D:4 |     185 |       0 |   0.0 |      10 |       0 |   0.0
            +---------+---------+-------+---------+---------+-------
